 Dungeon Crawl Stone Soup version 0.30-a0-395-gfe72c296f8 (webtiles) character file.

Game seed: 6019908276491123741

37 Bnni the Shield-Bearer (level 3, -3/31 HPs)
             Began as a Demigod Fighter on Dec 7, 2022.
             Slain by Sigmund
             ... wielding a +2 scythe of venom
              (10 damage)
             ... on level 2 of the Dungeon.
             The game lasted 00:01:23 (683 turns).

Bnni the Shield-Bearer (Demigod Fighter)             Turns: 683, Time: 00:01:24

Health: -3/31      AC:  7    Str: 21    XL:     3   Next: 7%
Magic:  5/5        EV:  9    Int: 10    God:
Gold:   136        SH:  4    Dex: 13    Spells: 2/2 levels left

rFire   . . .      SeeInvis .    a - +0 flail
rCold   . . .      Faith    .    c - +0 buckler
rNeg    . . .      Spirit   .    b - +0 scale mail
rPois   .          Reflect  .    i - +0 helmet
rElec   .          Harm     .    (no cloak)
rCorr   .          Rampage  .    (no gloves)
Will    .....                    (no boots)
Stlth   ..........               (no amulet)
HPRegen 0.25/turn                (no ring)
MPRegen 0.09/turn                (no ring)

@: mighty, lethally poisoned (-3 -> -16)
A: high MP 1, forlorn, divine attributes
a: no special abilities


You were on level 2 of the Dungeon.
You visited 1 branch of the dungeon, and saw 2 of its levels.

You collected 136 gold pieces.

Inventory:

Hand Weapons
 a - a +0 flail (weapon)
Missiles
 g - 5 poisoned darts (quivered)
Armour
 b - a +0 scale mail (worn)
 c - a +0 buckler (worn)
 i - a +0 helmet (worn)
Scrolls
 e - a scroll of acquirement {unknown}
 h - a scroll of teleportation {unknown}
 k - a scroll of fog {unknown}
 l - a scroll of identify {unknown}
 m - a scroll of vulnerability {unknown}
 n - a scroll of blinking {unknown}
Potions
 f - a potion of lignification {unknown}
 j - a potion of heal wounds {unknown}


   Skills:
 + Level 3.0 Fighting
 * Level 2.5 Maces & Flails
 - Level 2.6 Armour
 * Level 3.2 Shields


You had 2 spell levels left.
You didn't know any spells.
Your spell library was empty.

Dungeon Overview and Level Annotations

Branches:
Dungeon (2/15)

Annotations:
D:2 Sigmund


Innate Abilities, Weirdness & Mutations

You have an increased reservoir of magic. (+10% MP)
You shall have no god before yourself.
Your divine heritage dramatically boosts your attributes as you level up.


Message History

Sigmund shouts!
There is a stone staircase leading up here.
Okay, then.
Throw: 6 darts (poison)
Press: ? - help, Shift-Dir - straight line, f - Sigmund
Aim: Sigmund, wielding a +2 scythe of venom and wearing a +0 robe (53% to hit)
You throw a poisoned dart. The poisoned dart hits Sigmund.
Sigmund is poisoned.
You feel very mighty all of a sudden.
Sigmund hits you from afar with a +2 scythe of venom.
You closely miss Sigmund.
Sigmund is moderately wounded.
Sigmund barely misses you.
You sock Sigmund!
Sigmund is heavily wounded.
Sigmund casts a spell.
Sigmund flickers and vanishes!
Deactivating autopickup; reactivate with Ctrl-A.
No target in view!
No target in view!
No target in view!
You closely miss something. Something hits you but does no damage.
You are poisoned.
You miss something.
You feel sick. Something hits you but does no damage.
You miss something.
You feel sick. Something hits you but does no damage.
You are more poisoned.
You miss something.
You feel sick. Something hits you.
You are more poisoned.
You sock something!
You feel very sick. Something hits you but does no damage.
You are lethally poisoned!
You barely miss something.
You feel extremely sick.
You hear some strange, mumbled words.
Something tries to affect you, but you resist.
You hit something.
* * * LOW HITPOINT WARNING * * *
You feel very sick. Something hits you!
You die...

.# ....
.......
.#.....
##.......
#........ #
#........
#.##<###...#
#..........#
####@###...#
#{# ## #.#
.(. #.# #..
##. .


There were no monsters in sight!

Vanquished Creatures
  A dart slug (D:1)
  2 bats (D:1)
  5 endoplasms (D:1)
  3 giant cockroaches (D:1)
  3 goblins (D:1)
  3 hobgoblins (D:1)
  4 kobolds (D:1)
  2 quokkas (D:1)
  2 ball pythons (D:1)
  A frilled lizard (D:1)
  2 rats (D:1)
28 creatures vanquished.

Vanquished Creatures (others)
  3 toadstools (D:1)
3 creatures vanquished.

Grand Total: 31 creatures vanquished

Notes
Turn   | Place    | Note
-------+----------+-------------------------------------------
     0 | D:1      | Bnni the Demigod Fighter began the quest for the Orb.
     0 | D:1      | Reached XP level 1. HP: 18/18 MP: 3/3
   143 | D:1      | Reached XP level 2. HP: 25/25 MP: 4/4
   432 | D:1      | Reached XP level 3. HP: 29/30 MP: 5/5
   670 | D:2      | Noticed Sigmund
   683 | D:2      | Slain by Sigmund

Illustrated notes

Levels and vault maps discovered:
D:1:      evilmike_arrival_plus, layout_rooms, palyth_stone_intersect,
          chequers_jeans, minmay_gold_behind_fungi
D:2:      layout_loops_corners, uniq_sigmund

Skill      XL: |  1  2  3 |
---------------+----------+-----
Maces & Flails | 2 |  2.5
Shields        | 3 |  3.2
Fighting       | 3 |  3.0
Armour         | |  2.6

Action                   || total
-------------------------++-------
Melee: Flail             ||    89
Throw: Dart              ||     1
  Use: Potion            ||     1
Armor: Scale mail        ||    57
Dodge: Dodged            ||    35
Block: Buckler           ||    21

Table legend: (Time is in decaauts)
 A = Elapsed time spent in this place.
 B = Non-inter-level travel time spent in this place.
 C = Inter-level travel time spent in this place.
 D = Time resting spent in this place.
 E = Time spent auto-exploring this place.
 F = Levels seen in this place.
 G = Mean time per level.
                   A        B        C        D        E       F      G
               +--------+--------+--------+--------+--------+-----+--------+
         Total |    711 |    707 |      4 |      0 |    487 |   2 |  355.5 |
       Dungeon |    711 |    707 |      4 |      0 |    487 |   2 |  355.5 |
               +--------+--------+--------+--------+--------+-----+--------+

Top non-repeatable levels by time:
     D:1: 696 daAuts
     D:2: 15 daAuts
